[Event "4NCL Div 1 2024-25"]
[Site "England"]
[Date "2025.01.25"]
[Round "3.12"]
[White "Csonka, Balazs"]
[Black "Ansell, Simon T"]
[Result "1-0"]
[Annotator "TA"]
[ECO "D15"]
[WhiteElo "2473"]
[BlackElo "2323"]
[PlyCount "67"]
[EventDate "2024.11.23"]
[EventType "team-tourn"]
[EventCountry "ENG"]
[SourceTitle "playchess.com"]
[Source "ChessBase"]
[SourceQuality "1"]
[TimeControl "40/6000+30:3000+30"]

1. d4 d5 2. c4 c6 3. Nf3 Nf6 4. Nc3 dxc4 5. e4 b5 6. Be2 {[%emt 0:00:17] D15: Slav Defence: 4 Nc3 a6 and gambit lines after 4 Nc3 dxc4.} e6 7. a4 (7. Bg5 $11 {deserves consideration.}) 7... b4 $15 8. e5 {[%emt 0:00:10] Black is slightly better.} bxc3 9. exf6 cxb2 10. fxg7 $1 (10. Bxb2 Bb4+ 11. Kf1 Qxf6 (11... gxf6 12. Bxc4 Ba6 13. Rc1 $15) 12. Bxc4 O-O $15) 10... Bxg7 (10... bxa1=Q $5 11. gxh8=Q (11. gxh8=R $2 Qa5+ 12. Kf1 Q5c3 $19) 11... Qa5+ 12. Kf1 Q5c3 $15) 11. Bxb2 Qa5+ {[%emt 0:11:05] [#]} (11... c5 $11) 12. Nd2 $1 $16 Ba6 {[%emt 0:03:51] aiming for ...c3.} 13. Ra3 Qb6 $146 (13... Bf8 14. O-O Rg8 15. Rc3 Nd7 16. Nxc4 Bxc4 17. Rxc4 Qd5 18. g3 Nb6 19. Rxc6 Qxc6 {1-0 Shlyakhtenko,R (2401)-Wessman,R (2410) Biel HTO 56th 2023 (7)}) 14. Qc2 (14. Nxc4 $2 {is the wrong capture.} Bxc4 15. Qd2 Bxe2 16. Kxe2 Qa6+ 17. Rd3 Nd7 $19 (17... Qxa4 $2 18. Ra1 $19)) 14... c3 15. Rxc3 {[%emt 0:01:01] A sharp opening} ({But not} 15. Bxc3 Bxe2 16. Kxe2 Qa6+ 17. Kf3 O-O $11) 15... Bxe2 16. Kxe2 Qa6+ 17. Nc4 {[%emt 0:13:40] Strongly threatening Rg3. White is more active.} Nd7 18. Rg3 Nb6 19. Rc1 $36 {[%emt 0:01:32][%cal Bh1c1,Bc1c4,Bc4c5,Bc5h5][%mdl 2080] Black is under strong pressure.} Bf6 20. Qd3 Nxc4 21. Qxc4 Qxc4+ 22. Rxc4 Rc8 23. h3 h5 24. Rc5 Kd7 (24... Be7 $14) 25. Rf3 Rh6 (25... Rb8 $16 26. Ba3 Rh6) 26. Bc1 $18 Rg6 27. Rxh5 Bxd4 28. Rxf7+ Kd6 29. g4 Rb8 30. Ba3+ c5 31. Rxa7 Rf6 32. Ra6+ Kc7 (32... Ke7 $142) 33. Rh7+ Kc8 34. f3 {[%emt 0:00:53] Weighted Error Value: White=0.05 (flawless) /Black=0.28 (precise)   Mistake:       	White=1     	Black=4      Inaccurate:     	White=2     	Black=2      OK:         	White=12    	Black=6      Best:        	White=6     	Black=7      Strong:       	White=2     	---} 1-0

[Event "4NCL Div 1 2024-25"]
[Site "England"]
[Date "2025.01.25"]
[Round "3.13"]
[White "Duncan, Chris R"]
[Black "Grieve, Harry"]
[Result "0-1"]
[Annotator "TA"]
[ECO "D31"]
[WhiteElo "2167"]
[BlackElo "2464"]
[PlyCount "120"]
[EventDate "2024.11.23"]
[EventType "team-tourn"]
[EventCountry "ENG"]
[SourceTitle "playchess.com"]
[Source "ChessBase"]
[SourceQuality "1"]
[TimeControl "40/6000+30:3000+30"]

1. d4 d5 2. c4 e6 3. Nc3 a6 4. cxd5 exd5 5. Bf4 Nf6 6. e3 {[%emt 0:00:08] D31: Queen's Gambit Declined: Semi-Slav without ...Nf6 (+ Marshall Gambit and Noteboom) and Exchange Variation lines without ...Nf6.} Bd6 7. Bg5 c6 8. Bd3 {[%emt 0:00:26] White has an edge.} O-O 9. Qc2 h6 10. Bh4 Re8 11. Nge2 a5 12. O-O {[%emt 0:00:06] [#] 12.a3 is setting a new trend.} (12. a3 $11) 12... Bxh2+ $1 $17 13. Kh1 {[%emt 0:04:37][%cal Oh4f6] Black must now prevent Bxf6!.} Bd6 14. Rad1 Na6 15. Qd2 $146 {[%emt 0:00:52] [#]} (15. a3 Nc7 16. e4 dxe4 17. Nxe4 Be7 18. Nc5 Ncd5 19. Bf5 Bxf5 20. Qxf5 Bxc5 21. Bxf6 Qxf6 {0-1 Goltseva,E (2306)-Salinas Herrera,P (2514) Titled Tuesday intern op 4th Aug 10am blitz 2020 (1)}) 15... Ne4 $1 16. Bxd8 Nxd2 {[%emt 0:00:06] Black is more active.} 17. Rxd2 Rxd8 18. f3 Nc7 19. Kg1 Be6 20. Kf2 h5 21. f4 (21. Nf4 $17) 21... Bg4 $19 22. Ng1 c5 (22... g6 $19 23. Nf3 Kg7) 23. Nf3 c4 24. Bc2 b5 25. Ne5 Bxe5 26. dxe5 Rab8 27. Ne2 Bxe2 28. Kxe2 g6 29. Rfd1 Rdc8 30. g3 Kg7 31. Kf3 b4 32. Ba4 Rb6 (32... Rd8 $17) 33. g4 (33. Rc1 $11) 33... hxg4+ 34. Kxg4 f6 35. e4 {[%emt 0:04:45] [#]} fxe5 (35... dxe4 $2 36. Rd7+ Kg8 37. Rd8+ Rxd8 38. Rxd8+ Kf7 39. Rd7+ Ke6 40. Rxc7 $18) ({Black should play} 35... f5+ $1 $17 36. exf5 gxf5+ 37. Kxf5 Rf8+ 38. Kg4 c3 (38... Rg6+ 39. Kf3 $15)) 36. exd5 c3 $1 37. bxc3 bxc3 38. Rc2 {[%emt 0:15:27] [#]} (38. Re2 $142 Rb4 39. Bc2) 38... Rd8 ({Don't take} 38... Rb4 39. Rxc3 Rxa4 (39... Rxf4+ 40. Kg3 $15) 40. d6 $15) (38... Rf8 $1 $17 39. Rxc3 Nxd5 (39... Rxf4+ $2 40. Kg3 $19) 40. Rxd5 Rxf4+ 41. Kg3 (41. Kg5 $2 Rf5+ 42. Kg4 Rb4+ 43. Kg3 Rg5+ 44. Kh3 Rxa4 $19) 41... Rxa4 42. Rxe5 Rxa2) 39. Bb3 {[%emt 0:02:23] Now White is beyond hope.} (39. d6 $15 Ne6 (39... Rdxd6 40. Rxd6 Rxd6 41. Rxc3 $17) 40. Bb3 Nxf4 (40... Rdxd6 41. Rxd6 Rxd6 42. Rxc3 $17) 41. Rxc3) 39... Rb4 40. Rxc3 Rxf4+ 41. Kg3 Nb5 42. Rf3 (42. Rc5 $142 Nd6 43. Bc2) 42... a4 43. Rxf4 exf4+ 44. Kxf4 axb3 45. axb3 {[%emt 0:00:00][%mdl 4096] Endgame KRN-KR} Nc3 46. Rd3 Nxd5+ 47. Kg5 $2 {[%emt 0:00:00] [#]} (47. Kg3) 47... Rh8 $1 {[%emt 0:01:04][%cal Oh8h1] ...Rh1! is the strong threat.} 48. Rd4 (48. Kg4 Nf6+) 48... Rh5+ 49. Kg4 Nf6+ 50. Kg3 Rb5 51. Rd3 g5 52. Kg2 Kg6 53. Kg3 Rb4 {[%emt 0:00:14] ( -> ...Ne4+)} 54. Kf3 g4+ 55. Kg2 Kg5 56. Rc3 Rd4 (56... Ne4 $142 57. Rc7 Rxb3 58. Rg7+ Kf5 59. Rf7+ Nf6 60. Rf8 Kg5 61. Kf2 Ne4+ 62. Ke2 g3 63. Rg8+ Kf4 64. Rg6 Re3+ 65. Kd1 Ng5 (65... Kf3 $2 66. Kc2 $19) 66. Rf6+ Ke4 67. Rf8 g2 68. Re8+ Kf3 69. Rf8+ Kg4 70. Kc2 g1=Q (70... g1=R $2 71. Rd8 $19) 71. Rd8 Qg2+ 72. Rd2 Qe4+ (72... Re2 {is a self mate.} 73. Rxe2 Qxe2+ 74. Kb3 Qb5+ 75. Kc3 Nf3 76. Kc2 Kf4 77. Kc3 Ke3 78. Kc2 Nd2 79. Kd1 Qb1#) 73. Kb2 Qb4+ (73... Re2 74. Rxe2 Qxe2+ 75. Kb3 Qd3+ 76. Kb4 Ne4 77. Ka4 Qc4+ 78. Ka5 Qb3 79. Ka6 Nd6 80. Ka7 Qb7#) 74. Kc1 Qc3+ (74... Qc4+ 75. Rc2 Qb3 76. Rg2+ Kf3 77. Rg1 Rc3+ 78. Kd2 Qc2+ 79. Ke1 Qe2#) 75. Kd1 Qa1+ 76. Kc2 Rc3#) 57. Rc6 Rd2+ {[%emt 0:00:12] Black mates.} 58. Kg1 g3 59. Rc8 Nh5 60. b4 Nf4 {[%emt 0:00:16] Weighted Error Value: White=0.60/Black=0.11 (very precise)   Mistake:       	White=8     	Black=4      Inaccurate:     	White=4     	---        OK:         	White=17    	Black=18     Best:        	---       	Black=2      Strong:       	---       	Black=1      Brilliant:      	---       	Black=1} 0-1

[Event "4NCL Div 1 2024-25"]
[Site "England"]
[Date "2025.01.25"]
[Round "3.14"]
[White "Galyas, Miklos"]
[Black "Ledger, Dave J"]
[Result "1-0"]
[Annotator "TA"]
[ECO "E04"]
[WhiteElo "2374"]
[BlackElo "2191"]
[PlyCount "97"]
[EventDate "2024.11.23"]
[EventType "team-tourn"]
[EventCountry "ENG"]
[SourceTitle "playchess.com"]
[Source "ChessBase"]
[SourceQuality "1"]
[TimeControl "40/6000+30:3000+30"]

1. Nf3 Nf6 2. g3 d5 3. Bg2 e6 4. O-O c5 5. d4 Nc6 6. c4 dxc4 7. dxc5 Bxc5 8. Qxd8+ {[%emt 0:08:50] E04: Open Catalan: 5 Nf3.} Kxd8 9. Nbd2 Ke7 10. Nxc4 {[%emt 0:00:07] White is slightly better.} Rd8 11. b3 Nd5 12. Bb2 f6 $146 (12... Kf8 13. Rfd1 f6 14. Rac1 Be7 {½-½ Pigozzi,M (2129)-Lukasiewicz,P (2257) W-ch WS/M/877 email 2023}) 13. Rac1 Bd7 14. Nce5 Bd6 15. Nxd7 Rxd7 16. Nd2 Rad8 17. Ne4 Be5 18. Ba3+ {[%emt 0:02:09] This pair of bishops is nice.} Kf7 $1 19. Nc5 $36 {[%emt 0:02:52][%mdl 2048] White has the initiative.} Nc3 $2 {[%emt 0:02:17] [#] A mistake that costs the game.} 20. Nxd7 $18 Nxe2+ 21. Kh1 Rxd7 22. Bxc6 bxc6 23. Rxc6 Rd2 24. Ra6 Bd4 25. Bd6 Nc3 26. Bb4 Rd3 27. Bxc3 Rxc3 {[%emt 0:00:07][%mdl 4096] Endgame KRR-KRB} 28. Ra4 Rd3 29. Rc4 Rd2 30. Rfc1 e5 31. Rc7+ Kg6 32. R1c2 Rd3 33. Kg2 Bb6 34. R7c3 Rd1 35. b4 Ra1 36. Rc4 Kf5 37. Rd2 h5 38. h3 Kg6 39. Kf3 Kf7 (39... Kf5 $142 40. Kg2 Bd4) 40. Ke4 Re1+ 41. Kd5 {[%emt 0:52:04] and a4 should not be overlooked} Rf1 42. Rcc2 g5 $2 {[%emt 0:00:00] [#]} (42... Rb1 {is a better defense.} 43. Rb2 Rc1) 43. a4 {[%emt 0:01:22][%cal Ba2a4,Ba4a5][%mdl 32] White is clearly winning.} Rb1 44. a5 Bd4 45. Rc4 h4 46. gxh4 gxh4 (46... Kg6 $142 47. hxg5 fxg5) 47. Rcxd4 exd4 48. Rxd4 Rb2 49. Rxh4 {[%emt 0:00:00] Weighted Error Value: White=0.12 (very precise) /Black=0.41  Loses game:     	---       	Black=1      Mistake:       	---       	Black=3      Inaccurate:     	White=1     	Black=1      OK:         	White=20    	Black=11     Best:        	White=1     	Black=1      Strong:       	---       	Black=1} 1-0

[Event "4NCL Div 1 2024-25"]
[Site "England"]
[Date "2025.01.25"]
[Round "3.15"]
[White "Varney, Zoe"]
[Black "Wu, Li"]
[Result "1-0"]
[Annotator "TA"]
[ECO "B51"]
[WhiteElo "1996"]
[BlackElo "2318"]
[PlyCount "69"]
[EventDate "2024.11.23"]
[EventType "team-tourn"]
[EventCountry "ENG"]
[SourceTitle "playchess.com"]
[Source "ChessBase"]
[SourceQuality "1"]
[TimeControl "40/6000+30:3000+30"]

1. e4 c5 2. Nf3 Nc6 3. Bb5 d6 4. Bxc6+ bxc6 5. O-O e5 6. c3 f5 7. d4 {[%emt 0:14:40] B51: Sicilian: Moscow Variation (3 Bb5+) without 3...Bd7.} fxe4 8. Nxe5 dxe5 $17 9. Qh5+ {[%emt 0:02:29] Black is better.} Kd7 10. dxe5 Kc7 11. Rd1 Qe7 12. Bf4 Be6 (12... Qe6 $17 {and ...Ne7 should not be overlooked} 13. Qe2 Qf5) 13. Nd2 $11 Qe8 $146 (13... g6 14. Qe2 g5 15. Bg3 h5 16. Nxe4 h4 17. Rd6 Bc8 18. Nxc5 hxg3 19. Rad1 gxf2+ 20. Qxf2 {1-0 Abergel,T (2475)-Pham,M (2480) FRA-chT2 West 0607 2006 (9.1)}) 14. Qe2 Ne7 15. Nxe4 (15. Qxe4 Qg6 16. Qe2 Qg4 17. Qxg4 Bxg4 $19) 15... Nd5 16. Bg3 {[%emt 0:02:02][%mdl 1024] White has compensation.} a5 17. c4 Nb6 18. b3 Be7 (18... Qg6 $14) 19. Qe3 $2 (19. Rd6 $1 $18 Bxd6 20. exd6+ Kd8 21. Bh4+ (21. Nxc5 Bd7 $14) 21... Kc8 (21... Kd7 $2 22. Nxc5+ Kc8 23. Nxe6 $18) 22. d7+ (22. Nxc5 Bd7 $14) 22... Qxd7 (22... Bxd7 $2 23. Nd6+ Kc7 24. Nxe8+ Rhxe8 25. Qh5 $18) 23. Rd1 (23. Nxc5 Qf7 $11)) 19... Nd7 (19... Qf7 $1 $14) 20. Rd2 {[%emt 0:00:06] White has more active pieces.} (20. Nf6 $1 $16 gxf6 21. exf6+ Kb6 22. fxe7 (22. Qxe6 $2 Bxf6 23. Qxe8 Raxe8 $19) 22... Qxe7 23. Rd6) 20... Qg6 $14 21. Rad1 {[%emt 0:00:50][%cal Od2d7] Strong Rooks White (d1+d2)} Rhd8 22. h3 h5 23. f4 h4 24. Bf2 a4 ({Black should try} 24... Ra6 $14) 25. Nd6 ({White must play} 25. b4 $1 $16 ) 25... axb3 26. axb3 Ra3 (26... Rf8 $1 $11 {remains equal.}) 27. Qf3 Rf8 {[%emt 0:01:09] [#]} 28. f5 $2 {[%emt 0:00:32] Really sharp!} Rxf5 (28... Nxe5 29. Qe3 Rxf5 (29... Bxf5 30. Qxe5 Qe6 31. Nb5+ Kb7 32. Qc7+ Ka8 33. Nxa3 $18) 30. Nxf5 Qxf5 31. Re2 Bxc4 32. Qxe5+ Qxe5 33. Rxe5 $16) (28... Bxf5 $17 29. Qc3 (29. Nxf5 $2 Nxe5 $19) 29... Bg5) 29. Nxf5 $11 Qxf5 ({Reject} 29... Nxe5 $6 30. Qe3 Qxf5 (30... Bxf5 $2 31. Qxe5+ $18) 31. Re2 $16) 30. Qc3 g5 31. Ra1 Rxa1+ (31... Qxe5 $2 32. Rxd7+ (32. Rxa3 $2 Qxc3 33. Raa2 Bf6 $19) 32... Kxd7 33. Qxe5 $18) 32. Qxa1 Kb7 {[%emt 0:01:28][%mdl 8192] Wards off Qa7+} (32... Nxe5 $2 {too greedy.} 33. Qa7+ Kc8 34. Qxe7 $18) (32... Qe4 $11) 33. Ra2 $18 {[%emt 0:00:10] aiming for Ra8. White is clearly winning.} Qxe5 34. Ra7+ Kc8 35. Qxe5 {[%emt 0:01:13] Weighted Error Value: White=0.26 (precise) /Black=0.44  Loses game:     	---       	Black=1      Mistake:       	White=5     	Black=6      Inaccurate:     	White=1     	Black=2      OK:         	White=8     	Black=7      Best:        	White=4     	Black=4} 1-0

[Event "4NCL Div 1 2024-25"]
[Site "England"]
[Date "2025.01.25"]
[Round "3.16"]
[White "Terbe, Julianna"]
[Black "Ledger, Stephen C"]
[Result "1-0"]
[Annotator "TA"]
[ECO "A35"]
[WhiteElo "2225"]
[BlackElo "2013"]
[PlyCount "77"]
[EventDate "2024.11.23"]
[EventType "team-tourn"]
[EventCountry "ENG"]
[SourceTitle "playchess.com"]
[Source "ChessBase"]
[SourceQuality "1"]
[TimeControl "40/6000+30:3000+30"]

1. Nf3 c5 2. c4 Nc6 3. Nc3 g6 4. e3 Nf6 5. d4 cxd4 6. exd4 d5 7. cxd5 Nxd5 8. Qb3 Nxc3 9. Bc4 Nd5 10. Bxd5 e6 11. Bxc6+ bxc6 12. O-O Bg7 13. Bf4 O-O {[%emt 0:04:34][%cal Od8d5] Black is weak on the dark squares} 14. Rfd1 Ba6 15. Qe3 {[%emt 0:02:58] Inhibits Be2. White has an edge.} Bc4 16. Ne5 Bd5 17. Rac1 Rc8 18. Rd3 Bxe5 (18... f6 $11 {keeps the balance.} 19. Nc4 (19. Nxc6 Qd7 $14) 19... Qd7) 19. dxe5 $16 Qh4 (19... Qb6 $16 {keeps fighting.}) 20. Qd2 (20. Bh6 $18) 20... f5 21. Rh3 ({Much less strong is} 21. exf6 Qxf6 22. Bh6 Rf7 $18) 21... Qe7 22. Bg5 Qb7 23. Bf6 Rc7 24. Rg3 Rd7 {[%emt 0:04:41] [#]} (24... Kf7 $16 {was called for.} 25. b3 Ke8) 25. Qe2 $2 (25. h4 $1 $18 ) 25... Qb5 $1 $11 26. Qxb5 (26. Qe3 {keeps more tension.} Qxb2 27. h4 Rxf6 28. exf6 Qxf6 29. Qh6) 26... cxb5 27. b3 a6 28. h4 Kf7 29. Rgc3 Bb7 30. Rc7 Ke8 31. R7c2 Kf7 32. f3 $36 {[%emt 0:00:11][%mdl 2048] White has good play.} Ra8 33. Kf2 Rb8 34. Ke3 Ra8 (34... Rg8 $142) 35. Rc7 $16 Ke8 36. Kf4 h6 {[%emt 0:00:55] [#]} 37. Bg7 $1 Rad8 38. Bxh6 Rf7 $2 (38... a5 39. Bg7 Rd4+ 40. Kg5 R8d7 41. Kxg6 a4) 39. Rxf7 {[%emt 0:01:06] Weighted Error Value: White=0.17 (very precise) /Black=0.23 (precise) .  Mistake:       	White=2     	Black=5      Inaccurate:     	---       	Black=2      OK:         	White=12    	Black=7      Best:        	White=3     	Black=1      Strong:       	White=1     	Black=1} 1-0

[Event "4NCL Div 1 2024-25"]
[Site "England"]
[Date "2025.01.25"]
[Round "3.17"]
[White "Kovchan, Alexander"]
[Black "Makkar, Rajat"]
[Result "1-0"]
[Annotator "TA"]
[ECO "B58"]
[WhiteElo "2453"]
[BlackElo "2432"]
[PlyCount "67"]
[EventDate "2024.11.23"]
[EventType "team-tourn"]
[EventCountry "ENG"]
[SourceTitle "playchess.com"]
[Source "ChessBase"]
[SourceQuality "1"]
[TimeControl "40/6000+30:3000+30"]

1. e4 c5 2. Nf3 d6 3. d4 cxd4 4. Nxd4 Nf6 5. Nc3 Nc6 6. Be2 e5 7. Nf3 {[%emt 0:00:07] B58: Classical Sicilian: 6 Be2.} Be6 8. Ng5 Be7 9. a3 $146 {[%emt 0:09:59] The position is equal.} (9. Nxe6 fxe6 10. O-O O-O 11. Bc4 Qd7 12. f4 Kh8 13. Bb3 b5 14. a3 a5 15. fxe5 Nxe5 {0-1 Masic,P (2176)-Narayanan,S (2533) Vojvodina op 14th 2024 (8)}) 9... O-O 10. Nxe6 fxe6 11. Bc4 Qd7 12. Ba2 Kh8 13. Bg5 h6 {[%emt 0:07:17] [#]} 14. h4 b5 (14... hxg5 $2 15. hxg5+ Kg8 (15... Nh7 16. Qh5 Kg8 17. g6 Rf6 18. Qxh7+ Kf8 19. Qh8#) 16. gxf6 Rxf6 17. Qg4 $18) (14... Rac8 $5) 15. Qd2 a5 (15... hxg5 16. hxg5+ Kg8 (16... Nh7 $2 17. g6 $18) 17. gxf6 Rxf6 18. Nd5 $18 (18. Nxb5 Qb7 $14)) 16. Bxf6 Rxf6 17. Nxb5 Rb8 18. Qd3 d5 19. exd5 exd5 20. Bxd5 Nd4 21. Nxd4 Qxd5 22. Nf3 Qb7 {[%emt 0:04:48] [#]} (22... Qxd3 $11 {might be stronger.} 23. cxd3 Rxb2) 23. Ng5 $1 $14 g6 24. Ne4 Rf4 25. f3 Rd8 26. Qe3 (26. Qc3 $5 Bxh4+ 27. Kf1 $15) 26... Rd4 (26... Bxh4+ $14 27. g3 Rxe4 (27... Qxb2 $2 28. O-O $18) 28. fxe4 Bxg3+ 29. Qxg3 Qxe4+ 30. Kf2 Rd2+ 31. Kg1 Qd4+ 32. Kf1 Qc4+ 33. Kg1 Qc5+ 34. Kf1 Qb5+ (34... Qc4+ 35. Kg1 $11) 35. Kg1 (35. c4 Qxc4+ 36. Kg1 Qc5+ 37. Kf1 Qb5+ 38. Kg1 Qb6+ 39. Kf1 Qb5+ 40. Kg1 Qb6+ 41. Kf1 Qa6+ 42. Kg1 Qb6+ $11) 35... Qb6+ 36. Kf1 Qb5+) 27. O-O $1 $16 {[%emt 0:02:58] Hoping for g3.} Qc7 {[%emt 0:08:21][%cal Od4e4] [#]} 28. b4 $1 axb4 29. axb4 Bxb4 {[%emt 0:01:56][%cal Od4e4] [#]} 30. Ra8+ $1 ({Much worse is} 30. c3 $6 Rdxe4 31. Ra8+ (31. fxe4 $2 {loses.} Bc5 $19) 31... Kg7 $11) 30... Kg7 {[%emt 0:00:36][%cal Od4e4] [#] and ...Rdxe4! would now be decisive} 31. Qb3 $1 Rdxe4 $2 (31... Qc4 $16 32. Ra7+ Rf7 33. Rxf7+ Kxf7) 32. Qg8+ $18 {[%emt 0:00:40] White is clearly winning.} ({Not} 32. fxe4 Qb6+ (32... Bc5+ $2 33. Kh2 $18) 33. Kh2 Rxf1 $16) 32... Kf6 33. Ra6+ (33. fxe4 Qb6+ (33... Qxc2 34. Ra6+) (33... Bc5+ $2 34. Kh2 $18) 34. Kh2 Rxf1 $16) 33... Bd6 34. fxe4 {[%emt 0:01:18] Weighted Error Value: White=0.06 (flawless) /Black=0.38  Loses game:     	---       	Black=1      Mistake:       	White=1     	Black=2      Inaccurate:     	---       	Black=1      OK:         	White=7     	Black=5      Best:        	White=4     	Black=2      Strong:       	White=2     	---        Brilliant:      	White=1     	---} 1-0

[Event "4NCL Div 1 2024-25"]
[Site "England"]
[Date "2025.01.25"]
[Round "3.18"]
[White "Roberson, Peter T"]
[Black "Macak, Stefan"]
[Result "1-0"]
[Annotator "TA"]
[ECO "B51"]
[WhiteElo "2432"]
[BlackElo "2310"]
[PlyCount "89"]
[EventDate "2024.11.23"]
[EventType "team-tourn"]
[EventCountry "ENG"]
[SourceTitle "playchess.com"]
[Source "ChessBase"]
[SourceQuality "1"]
[TimeControl "40/6000+30:3000+30"]

1. e4 c5 2. Nf3 d6 3. Bb5+ Nd7 4. Ba4 Ngf6 5. O-O e6 6. d3 {[%emt 0:01:30] B51: Sicilian: Moscow Variation (3 Bb5+) without 3...Bd7.} Be7 7. c4 O-O 8. Nc3 {[%emt 0:00:06] The position is equal.} a6 9. Qe2 Qc7 10. Ne1 b6 $146 (10... Ne5 11. f4 Nc6 12. Nf3 Nd4 13. Nxd4 cxd4 14. Nb1 Nd7 15. Nd2 b5 16. Bb3 Nc5 {0-1 Anton Guijarro,D (2670)-Grischuk,A (2732) Wch Rapid Samarkand 2023 (13)}) 11. Bg5 Bb7 12. f4 Nb8 13. Nf3 Nc6 14. Rae1 Nd4 15. Nxd4 cxd4 16. Nb1 Ne8 17. Bxe7 Qxe7 18. Nd2 e5 19. Rf3 Nc7 (19... Nf6 $11) 20. f5 $14 f6 21. Rh3 a5 22. Nf3 Na6 23. Nh4 Qf7 {[%emt 0:01:26] Repels Ng6} 24. Qg4 Rfd8 {[%emt 0:02:36] [#]} 25. Ng6 $1 {[%emt 0:01:25][%cal Oh3h7] White threatens Rxh7! and mate. Repels Nc5} h6 26. Bd1 Nc5 27. Qe2 {[%emt 0:00:22] [#]} (27. b3 $11) 27... b5 $1 $15 28. cxb5 Qxa2 (28... a4 $1 $15) 29. Qd2 {[%emt 0:01:33] [#]} (29. Ne7+ $11 Kf7 30. Ng6) 29... Qf7 ({Better is} 29... Rd7 $1 $17 30. Rf1 a4) 30. Bh5 {[%emt 0:02:12][%cal Og6e5] Nxe5! is the strong threat.} Qd7 31. b4 (31. g4 $15) 31... axb4 $19 32. Qxb4 Ra4 33. Qb2 Rda8 {[%emt 0:00:14] Black plays on the queen side and is better} 34. Rb1 Ra2 35. Qc1 R8a4 {[%emt 0:01:12] Repels Qc4+} (35... Kh7 $17 {[%cal Oc5d3] Hoping for ...Nxd3!.} 36. Nxe5 fxe5 37. Bg6+ Kg8) 36. Rg3 $11 R2a3 (36... Ra1 $5 37. Rxa1 Nb3 $11) 37. Nxe5 fxe5 {[%emt 0:00:27][%mdl 8192] [#]} (37... dxe5 $11 38. Qxc5 Ra1) 38. f6 $1 $18 (38. Qxh6 $2 Ra1 (38... Rxd3 $2 {perishes.} 39. f6 $18) 39. Rd1 Rxd1+ 40. Bxd1 Ra1 $19) 38... g5 {[%emt 0:00:56] [#]} 39. Rxg5+ $1 {[%emt 0:00:00][%mdl 512] White mates.} hxg5 (39... Kf8 40. Rg6) 40. Qxg5+ Kf8 41. Qh6+ Kg8 42. f7+ Qxf7 43. Bxf7+ Kxf7 44. Rf1+ Ke8 45. Qf8+ {[%emt 0:00:00] Weighted Error Value: White=0.14 (very precise) /Black=0.41  Loses game:     	---       	Black=1      Mistake:       	White=3     	Black=4      Inaccurate:     	White=1     	Black=3      OK:         	White=16    	Black=16     Strong:       	White=1     	---} 1-0

[Event "4NCL Div 1 2024-25"]
[Site "England"]
[Date "2025.01.25"]
[Round "3.19"]
[White "Badacsonyi, Stanley"]
[Black "O`Gorman, Tom"]
[Result "1/2-1/2"]
[Annotator "TA"]
[ECO "D35"]
[WhiteElo "2298"]
[BlackElo "2380"]
[PlyCount "50"]
[EventDate "2024.11.23"]
[EventType "team-tourn"]
[EventCountry "ENG"]
[SourceTitle "playchess.com"]
[Source "ChessBase"]
[SourceQuality "1"]
[TimeControl "40/6000+30:3000+30"]

1. d4 d5 2. c4 e6 3. Nc3 Nf6 4. cxd5 exd5 5. Bg5 c6 6. e3 Bd6 7. Bd3 O-O 8. Nge2 {[%emt 0:00:23] D35: Queen's Gambit Declined: Exchange Variation.} Re8 9. h3 a5 10. Qc2 {[%emt 0:02:24][%cal Od3h7] Threatening Bxh7+!.} h6 11. Bh4 Na6 12. a3 {[%emt 0:00:09] Prevents Nb4} Nc7 13. Bg3 Bxg3 14. Nxg3 c5 $146 (14... Ne6 15. O-O Ng5 16. Bf5 Nfe4 17. Bxe4 dxe4 18. Ncxe4 Nxe4 19. Nxe4 Bf5 20. f3 Qd5 {½-½ Kretchetov,A (2146)-Matta,N (2285) New York Fall IM-C 2024 (6)}) 15. dxc5 d4 16. Nd1 (16. Nce4 $16) 16... Nfd5 (16... Ncd5 $11) 17. O-O $16 Qh4 18. exd4 {[%emt 0:05:28] [#] Threatens to win with Nc3.} (18. Qa4 {simplifies} Rd8 19. Qxd4 Qxd4 20. exd4 Ne6 21. Ne3) 18... Nf4 $1 19. Ne3 Bxh3 20. Rfe1 $2 (20. gxh3 Nxh3+ (20... Rxe3 21. Bh7+ Kh8 22. fxe3 $16) 21. Kg2 Nf4+ 22. Kg1 (22. Kf3 Nce6 23. Bh7+ Kh8 24. Ke4 f5+ 25. Ke5 Nxc5+ 26. Kxf5 Qg5#) 22... Nh3+ (22... Rxe3 23. Bh7+ Kh8 24. fxe3 $11) 23. Kg2 Nf4+ 24. Kg1 Nh3+ $11) ({Better is} 20. Bh7+ $18 Kh8 21. Bf5 (21. gxh3 Nxh3+ 22. Kg2 Nf4+ 23. Kg1 g6 $11)) 20... Rxe3 $11 {[%emt 0:04:35] The position is equal.} 21. Rxe3 ({Inferior is} 21. fxe3 Nxd3 (21... Qxg3 $2 {is the wrong capture.} 22. exf4 Ne6 23. Be4 $18) (21... Nxg2 22. Qf2 $11) 22. Qxd3 Qxg3 $19) 21... Bxg2 22. Be4 {[%emt 0:00:33] Repels Ncd5} Qh3 23. Bf5 Qh4 24. Be4 Qh3 {[%emt 0:01:24] [#] Strongly threatening ...g6.} 25. Bf5 Qh4 {[%emt 0:00:09] Weighted Error Value: White=0.32/Black=0.19 (very precise)   Missed win:     	White=1     	---        Mistake:       	White=1     	Black=2      Inaccurate:     	White=1     	Black=1      OK:         	White=5     	Black=8      Best:        	White=1     	Black=1      Strong:       	---       	Black=1} 1/2-1/2